 Dungeon Crawl Stone Soup version 0.26.0-45-g9c1d065592 (webtiles) character file.

Game seed: 10653194361579700170

372 kaeus the Sneak (level 6, 0/43 HPs)
             Began as an Octopode Fighter on Jan 29, 2021.
             Killed by divine providence
             ... invoked by an orc priest
              (11 damage)
             ... on level 4 of the Dungeon.
             The game lasted 00:02:39 (3277 turns).

kaeus the Sneak (Octopode Fighter)                  Turns: 3277, Time: 00:02:40

Health: 0/43       AC:  1    Str: 18 (21) XL:     6   Next: 71%
Magic:  6/6        EV: 12    Int:  9 (10) God:
Gold:   179        SH:  9    Dex: 12 (14) Spells: 5/5 levels left

rFire    . . .     SeeInvis .   a - +0 rapier
rCold    . . .     Faith    .   b - +0 kite shield
rNeg     . . .     Spirit   .   (helmet restricted)
rPois    .         Reflect  .   p - amulet of the acrobat
rElec    .         Harm     .   i - +6 ring of strength
rCorr    .         Rampage  .   (no ring)
Will     .....                  (no ring)
Stlth    ++++......             (no ring)
HPRegen  0.14/turn              (no ring)
MPRegen  0.10/turn              (no ring)
                                (no ring)
                                (no ring)

@: no status effects
A: almost no armour, stealthy swim, amphibious, 8 rings, constrict 8, camouflage
1, gelatinous body 1
a: no special abilities


You were on level 4 of the Dungeon.
You visited 1 branch of the dungeon, and saw 4 of its levels.

You collected 179 gold pieces.

Inventory:

Hand Weapons
 a - a +0 rapier (weapon)
Missiles
 h - 38 poisoned darts
Armour
 b - a +0 kite shield (worn)
Jewellery
 i - a +6 ring of strength (left tentacle)
 p - an amulet of the acrobat (around mantle)
Wands
 d - a wand of polymorph (12)
 n - a wand of acid (10)
Scrolls
 c - 3 scrolls of identify {unknown}
 e - 3 scrolls of amnesia {unknown}
 g - a scroll of noise {unknown}
 j - a scroll of magic mapping {unknown}
 k - a scroll of enchant armour {unknown}
 l - a scroll of fog {unknown}
 m - 2 scrolls of teleportation {unknown}
 q - 4 scrolls of remove curse {unknown}
 r - a scroll of immolation {unknown}
Potions
 f - a potion of curing
 o - 2 potions of ambrosia {unknown}
 s - 2 potions of attraction {unknown}


   Skills:
 + Level 4.0 Fighting
 + Level 3.3 Short Blades
 + Level 3.9 Dodging
 * Level 5.3 Stealth
 + Level 4.0 Shields


You had 5 spell levels left.
You didn't know any spells.
Your spell library was empty.

Dungeon Overview and Level Annotations

Branches:
Dungeon (4/15)
 Temple: D:4-7

Altars:


Innate Abilities, Weirdness & Mutations

You cannot wear most types of armour.
You are very stealthy in the water. (Stealth+)
You are amphibious.
You can wear up to eight rings at the same time.
You can use your tentacles to constrict eight enemies at once.
Your skin changes colour to match your surroundings (Stealth+).
Your rubbery body absorbs attacks. (AC +1, EV +1)


Message History

There are monsters nearby!
You take 5 damage, and have 31/43 hp.
You hit the bullfrog skeleton. You grab the bullfrog skeleton.
The bullfrog skeleton is moderately damaged.
You constrict the bullfrog skeleton.
The orc priest calls down the wrath of Beogh upon you.
Beogh smites you!
You block the bullfrog skeleton's attack.
The orc hits you with a +0 flail!
* * * LOW HITPOINT WARNING * * *
There are monsters nearby!
You take 20 damage, and have 11/43 hp.
MASSIVE DAMAGE!!
You are too injured to fight recklessly!
There are monsters nearby!
You release your grip on the bullfrog skeleton.
You barely miss the orc. You grab the orc. You squeeze the orc.
You kill the orc!
The orc priest invokes the aid of Beogh against you.
Beogh smites you!
You die...

## .. .# o# o#
###Z## #.)..#
#@#..# #.#..# ..[
#.#.... ...
#.#.#####.#######.
#.#.. ..#>........
#.### #.#.........
#.# #.#.........
#.# ##.#.........
#.# #............


You could see an orc priest and a bullfrog skeleton.

Vanquished Creatures
  6 orc wizards
  6 gnolls (D:2)
  5 adders
  An ooze (D:1)
  An adder zombie (D:2)
  3 worms
  2 dart slugs
  3 leopard geckos (D:3)
  8 orcs
  2 ball pythons
  5 giant cockroaches
  4 goblins
  8 hobgoblins
  6 jackals
  15 kobolds
  6 bats
  6 frilled lizards
  5 rats
92 creatures vanquished.

Notes
Turn   | Place    | Note
-------+----------+-------------------------------------------
     0 | D:1      | kaeus the Octopode Fighter began the quest for the Orb.
     0 | D:1      | Reached XP level 1. HP: 16/16 MP: 1/1
   107 | D:1      | Reached skill level 1 in Stealth
   107 | D:1      | Reached XP level 2. HP: 21/21 MP: 2/2
   437 | D:1      | Reached skill level 2 in Stealth
   453 | D:1      | Reached XP level 3. HP: 26/26 MP: 3/3
   975 | D:2      | Reached XP level 4. HP: 26/31 MP: 4/4
  1089 | D:2      | Reached skill level 3 in Stealth
  1745 | D:2      | Reached XP level 5. HP: 32/36 MP: 5/5
  2361 | D:3      | Reached skill level 4 in Stealth
  2370 | D:3      | Reached XP level 6. HP: 19/43 MP: 6/6
  2813 | D:3      | Reached skill level 5 in Stealth
  3277 | D:4      | Killed from afar by an orc priest

Illustrated notes

Levels and vault maps discovered:
D:1:      roderic_chinese_lattice_arrival, layout_basic,
          corexii_leaking_fountain
D:2:      layout_basic
D:3:      layout_basic, st_stairs_6
D:4:      layout_basic, minmay_temple_entry_gardened_gates,
          gammafunk_ghost_cemetery

Skill      XL: |  1  2  3  4  5  6 |
---------------+-------------------+-----
Stealth        | 1 2 3 4 5 |  5.3
Short Blades   | 3 |  3.3
Fighting       | 4 |  4.0
Shields        | 4 |  4.0
Dodging        | |  3.9

Action                   |  1- 3 |  4- 6 || total
-------------------------+-------+-------++-------
Melee: Rapier            |    61 |   102 ||   163
       Tentacles         |    13 |    21 ||    34
       Constrict         |    22 |    29 ||    51
  Use: Potion            |       |     4 ||     4
 Stab: Sleeping          |     8 |     8 ||    16
Armor: Skin              |     7 |     2 ||     9
Dodge: Dodged            |    22 |    36 ||    58
Block: Kite shield       |    13 |    47 ||    60
